 Dungeon Crawl Stone Soup version 0.27.1-34-g3ba077fa99 (webtiles) character file.

Game seed: 9328015533074658162

166321 MisterFreud the Basher (level 17, -11/172 HPs)
             Began as a Troll Berserker on Jan 29, 2022.
             Was a High Priest of Trog.
             Mangled by a wolf spider (12 damage)
             ... on level 2 of the Spider Nest.
             The game lasted 00:42:12 (24701 turns).

MisterFreud the Basher (Troll Berserker)           Turns: 24701, Time: 00:42:12

Health: -11/172    AC: 18    Str: 28 (29) XL:     17   Next: 29%
Magic:  11/16      EV:  8    Int:  4      God:    Trog [*****.]
Gold:   2715       SH:  0    Dex:  8 (13) Spells: 16/16 levels left

rFire    . . .     SeeInvis +   X - +6 eveningstar "Hegyt" {vorpal, rPois}
rCold    . . .     Faith    .   m - +0 tower shield
rNeg     . . .     Spirit   .   R - +1 acid dragon scales
rPois    +         Reflect  .   r - +1 hat {Will+}
rElec    .         Harm     .   T - +0 cloak
rCorr    +         Rampage  .   (gloves unavailable)
Will     ++...                  (boots unavailable)
Stlth    ..........             l - amulet of regeneration
HPRegen  2.38/turn              M - +4 ring of protection
MPRegen  0.15/turn              t - ring of see invisible

@: confused, lethally poisoned (-11 -> -25)
A: large, unfitting armour, claws 3, regeneration 1, shaggy fur 1, tough skin 1
a: Renounce Religion, Berserk, Trog's Hand, Brothers in Arms


You were on level 2 of the Spider Nest.
You worshipped Trog.
Trog was extremely pleased with you.
You visited 4 branches of the dungeon, and saw 25 of its levels.
You also visited: Bailey.

You collected 3496 gold pieces.
You spent 781 gold pieces at shops.

Inventory:

Hand Weapons
 j - a +6 eveningstar of chaos
 X - the +6 eveningstar "Hegyt" (weapon) {vorpal, rPois}
   (Trog gifted it to you on level 1 of the Lair of Beasts)

   It inflicts extra damage upon your enemies.
   rPois:     It protects you from poison.
Missiles
 k - 3 throwing nets
 s - 25 large rocks (quivered)
Armour
 m - a +0 tower shield (worn)
 r - a +1 hat of willpower (worn)
 R - +1 acid dragon scales (worn)
 T - a +0 cloak (worn)
Jewellery
 a - a ring of willpower
 l - an amulet of regeneration (around neck)
 q - a ring of resist corrosion
 t - a ring of see invisible (right claw)
 y - a +4 ring of slaying
 B - the amulet of the Endless Expanse {Spirit rF+ rN+ Str+3}
   (You found it on level 14 of the Dungeon)

   [amulet of guardian spirit]

   It causes incoming damage to be divided between your reserves of health and
   magic.
   Str:       It affects your strength (+3).
   rF:        It protects you from fire.
   rN:        It protects you from negative energy.
 J - a ring of protection from cold
 M - a +4 ring of protection (left claw)
 Q - a ring of willpower
Wands
 x - a wand of polymorph (24)
 z - a wand of digging (6)
 C - a wand of paralysis (20)
 F - a wand of iceblast (5)
 L - a wand of mindburst (5)
 P - a wand of flame (22)
 S - a wand of acid (4)
 U - a wand of charming (7)
Scrolls
 d - a scroll of fog
 h - 2 scrolls of enchant armour
 n - 4 scrolls of blinking
 u - 4 scrolls of enchant weapon
 w - 2 scrolls of summoning
 I - 10 scrolls of teleportation
 N - 3 scrolls of fear
 O - 2 scrolls of silence
 W - a scroll of holy word
 Y - 3 scrolls of magic mapping
Potions
 b - 2 potions of flight
 c - 3 potions of ambrosia
 e - a potion of lignification
 g - 6 potions of heal wounds
 i - 4 potions of might
 o - 3 potions of mutation
 p - 3 potions of berserk rage {unknown}
 v - a potion of resistance {unknown}
 A - 3 potions of haste
 E - a potion of cancellation {unknown}
 G - 15 potions of curing
 H - a potion of invisibility
 V - 2 potions of brilliance {unknown}
Miscellaneous
 f - a tin of tremorstones (2/2)
 Z - a condenser vane


   Skills:
 + Level 11.9 Fighting
 - Level 14.0 Maces & Flails
 - Level 12.0 Throwing
 - Level 10.0 Armour
 - Level 5.0 Dodging
 + Level 10.3 Shields
 - Level 8.0 Evocations


You had 16 spell levels left.
You didn't know any spells.
Your spell library was empty.

Dungeon Overview and Level Annotations

Branches:
Dungeon (15/15)            Temple (0/1) D:5            Lair (6/6) D:11
 Shoals (0/4) Lair:4       Spider (2/4) Lair:2        Slime (0/5) Lair:5
    Orc (2/2) D:11            Elf (0/3) Orc:2        Vaults (0/5) D:14
 Depths (0/5) D:15         Bailey (visited)

Altars:
Dithmenos
Gozag
Kikubaaqudgha
Makhleb
Nemelex Xobeh
Okawaru
Qazlal
Uskayaw
Vehumet
Xom
The Shining One
Beogh

Shops:
D:1 (   D:5 (   Orc:2 :!*[(

Portals:
Hell: Lair:6


Innate Abilities, Weirdness & Mutations

You are too large for most types of armour.
You have claws for hands.
Your natural rate of healing is unusually fast.
You are covered in fur. (AC +1)
You have tough skin. (AC +1)


Message History

The wolf spider hits you but does no damage.
The wolf spider closely misses you.
The tarantella bites you but does no damage.
The tarantella bites you. The wolf spider hits you! The wolf spider bites you.
The tarantella bites you!
You bump into the rock wall.
You feel very sick. The tarantella barely misses you. The wolf spider hits you!
The wolf spider bites you but does no damage.
The tarantella barely misses you.
You closely miss the wolf spider.
You feel very sick.
The tarantella bites you but does no damage.
The wolf spider hits you but does no damage.
The wolf spider bites you.
You are more poisoned.
The wolf spider poisons you! The tarantella bites you!
The wolf spider hits you!
* * * LOW HITPOINT WARNING * * *
The wolf spider bites you but does no damage.
The tarantella bites you but does no damage.
Unknown command.
Unknown command.
Unknown command.
Unknown command.
You feel extremely sick. The tarantella completely misses you.
The wolf spider hits you but does no damage.
The wolf spider bites you!
* * * LOW HITPOINT WARNING * * *
The tarantella barely misses you. The tarantella bites you!
* * * LOW HITPOINT WARNING * * *
You are more confused.
In your confused state, you trip and fall back down the stairs.
* * * LOW HITPOINT WARNING * * *
x2 You feel extremely sick.
The tarantella bites you!
* * * LOW HITPOINT WARNING * * *
The wolf spider hits you!
You die...

.....^#............^..#
........(....(........#
.#..#..........>.......^
............s.......††..
^..#...............†#...
...≈.^..........(...#^..
...#.....#..........###.
..≈≈.≈≈ss#.........^.###
.≈#≈≈.@s≈...........# #
#≈≈≈##≈#..$....≈.## ##≈≈
##≈≈.....≈### #≈#
####..≈.## ## #≈≈≈##
#####


You could see a wolf spider and 2 tarantellas.

Vanquished Creatures
  Kirke (Lair:6)
  Roxanne (D:15)
  Louise (Spider:1)
  An orc warlord (Orc:2)
  A ghost moth (Spider:2)
  The ghost of MisterFreud the Basher, a journeyman TrBe of Trog (D:14)
  A juggernaut skeleton (D:15)
  Azrael (Lair:2)
  An entropy weaver (Spider:2)
  Snorg (Orc:1)
  A vault guard (D:14)
  Erolcha (Orc:2)
  8 boulder beetles
  13 hydras
  A spectral sphinx (D:14)
  5 centaur warriors
  A catoblepas (Lair:6)
  7 two-headed ogres
  A spectral stone giant (D:14)
  A death knight (D:14)
  A spectral fire giant (D:14)
  A tengu warrior (D:13)
  A sixfirhy (Lair:6)
  A skeletal warrior (D:15)
  2 spectral spriggans (D:14)
  A golden dragon zombie (D:15)
  A phantasmal warrior (D:15)
  A wizard (Lair:6)
  A golden dragon skeleton (D:15)
  A necromancer (D:15)
  2 deep elf pyromancers
  An oklob plant (Lair:5)
  2 orc knights
  Pikel (D:8)
  7 orb spiders (Spider:1)
  7 ugly things
  6 wolf spiders
  5 cyclopes
  12 orc sorcerers
  11 elephants (Lair:6)
  7 black mambas
  Maurice (D:11)
  12 cane toads
  An orange demon (Lair:6)
  An unseen horror (Spider:1)
  4 yaktaurs (D:14)
  5 rime drakes
  5 kobold demonologists
  An efreet (D:14)
  6 komodo dragons
  2 tengu conjurers (D:13)
  4 ice devils (Lair:6)
  A hellwing (Lair:6)
  8 demonic crawlers
  5 trolls
  A guardian mummy (D:15)
  A shadow dragon simulacrum (D:14)
  A red devil (Lair:6)
  A hornet (Lair:2)
  3 meliai (D:13)
  8 jumping spiders
  3 polar bears (Lair:6)
  5 dream sheep (Lair:5)
  A deep troll zombie (D:15)
  8 slime creatures
  An ettin zombie (D:14)
  19 blink frogs
  A centaur simulacrum (D:14)
  2 shadows
  19 redbacks
  9 tarantellas
  56 yaks
  5 wraiths
  Eustachio (D:4)
  5 hogs (Lair:6)
  3 wyverns
  4 basilisks
  3 fire elementals (Lair:2)
  3 steam dragons
  4 wargs
  Menkaure (D:4)
  12 vampire mosquitoes
  4 acid dragons
  11 water moccasins
  6 hell hounds
  An ice beast (D:6)
  26 orc warriors
  3 black bears
  8 ogres
  31 centaurs
  17 wolves
  10 bullfrogs
  Blork the orc (D:3)
  4 kobold brigands
  2 gnoll sergeants
  A water moccasin skeleton (D:7)
  3 jellies
  7 howler monkeys
  5 wights (D:10)
  5 electric eels
  3 bullfrog zombies
  A centaur zombie (D:7)
  7 hounds
  7 orc priests
  4 iguanas
  37 orc wizards
  A hound skeleton (D:4)
  A howler monkey zombie (D:8)
  Robin (D:3)
  10 gnolls
  7 adders
  2 shadow imps
  A white imp (D:7)
  2 worms (D:2)
  4 dart slugs
  61 orcs
  3 ball pythons
  7 endoplasms
  A giant cockroach (D:4)
  11 hobgoblins
  8 jackals
  18 kobolds
  3 training dummies (D:5)
  2 bats
  4 frilled lizards
  17 goblins
  A goblin skeleton (D:7)
  A goblin zombie (D:7)
  4 hobgoblin zombies (D:7)
  A kobold skeleton (D:7)
  A kobold zombie (D:7)
  An orc zombie (D:7)
  7 rats
741 creatures vanquished.

Vanquished Creatures (collateral kills)
  A bullfrog skeleton (D:6)
1 creature vanquished.

Vanquished Creatures (others)
  A wizard (D:14)
  A slime creature (D:14)
  19 fungi
  19 plants
40 creatures vanquished.

Grand Total: 782 creatures vanquished

Notes
Turn   | Place    | Note
-------+----------+-------------------------------------------
     0 | D:1      | MisterFreud the Troll Berserker began the quest for the
                  | Orb.
     0 | D:1      | Reached XP level 1. HP: 22/22 MP: 0/0
    56 | D:1      | Found Ecwyunoc's Antique Weapon Shop.
    98 | D:1      | Reached skill level 3 in Maces & Flails
   148 | D:1      | Reached XP level 2. HP: 29/29 MP: 1/1
   503 | D:1      | Found a faded altar of an unknown god.
  1345 | D:2      | Reached XP level 3. HP: 34/36 MP: 2/2
  1452 | D:2      | Reached skill level 4 in Maces & Flails
  1552 | D:2      | Reached ** piety under Trog
  1846 | D:2      | Reached XP level 4. HP: 44/44 MP: 3/3
  2413 | D:3      | Found a radiant altar of Vehumet.
  2476 | D:3      | Reached skill level 5 in Maces & Flails
  2662 | D:3      | Reached XP level 5. HP: 50/50 MP: 4/4
  2695 | D:3      | Reached skill level 6 in Maces & Flails
  3178 | D:4      | Noticed Robin
  3189 | D:4      | Reached XP level 6. HP: 59/59 MP: 5/5
  3194 | D:4      | Reached *** piety under Trog
  3197 | D:4      | Noticed Menkaure
  3241 | D:3      | Killed Robin
  3280 | D:4      | Killed Menkaure
  3380 | D:4      | Found a shimmering altar of Xom.
  3391 | D:4      | Reached skill level 7 in Maces & Flails
  3396 | D:4      | Reached XP level 7. HP: 36/66 MP: 6/6
  3519 | D:4      | Noticed Eustachio
  3526 | D:4      | Noticed Blork the orc
  3551 | D:4      | HP: 2/66 [Blork the orc (11)]
  3561 | D:3      | Killed Blork the orc
  3887 | D:4      | Reached skill level 8 in Maces & Flails
  3943 | D:4      | Killed Eustachio
  4109 | D:4      | Found a hide-covered altar of Uskayaw.
  4110 | D:4      | Found a sparkling altar of Nemelex Xobeh.
  4110 | D:4      | Found an iron altar of Okawaru.
  4111 | D:4      | Found a stormy altar of Qazlal.
  4237 | D:4      | Identified a scroll of acquirement
  4237 | D:4      | Acquired 841 gold pieces
  4319 | D:1      | Bought a scorched mace for 200 gold pieces
  4319 | D:1      | Identified the +3 mace "Pendulum" {vorpal, *Rage rF- Str+4
                  | Dex+7} (You bought it in a shop on level 1 of the Dungeon)
  4394 | D:5      | Entered Level 5 of the Dungeon
  4394 | D:5      | Found Vousar's Firing Range.
  4416 | D:5      | Bought a throwing net for 39 gold pieces
  4416 | D:5      | Bought 6 large rocks for 54 gold pieces
  4435 | D:5      | Found a large runed translucent door.
  4435 | D:5      | Found a large runed translucent door.
  4667 | D:5      | Reached skill level 1 in Throwing
  4743 | D:5      | Found a staircase to the Ecumenical Temple.
  4888 | D:5      | Found a shimmering altar of Xom.
  4986 | D:5      | Reached XP level 8. HP: 75/75 MP: 7/7
  5110 | D:5      | Reached skill level 1 in Shields
  5244 | D:6      | Acquired a manual of Maces & Flails
  5273 | D:6      | Found an ancient bone altar of Kikubaaqudgha.
  5776 | D:7      | Reached XP level 9. HP: 73/85 MP: 6/8
  5878 | D:7      | Reached skill level 9 in Maces & Flails
  5887 | D:7      | Noticed a two-headed ogre
  5893 | D:7      | Killed a two-headed ogre
  5974 | D:7      | Found a glowing golden altar of the Shining One.
  5975 | D:7      | Reached **** piety under Trog
  5985 | D:7      | Reached skill level 5 in Dodging
  6060 | D:7      | Reached skill level 5 in Fighting
  6518 | D:8      | Found a shadowy altar of Dithmenos.
  6839 | D:8      | Noticed a boulder beetle
  6868 | D:8      | Killed a boulder beetle
  6869 | D:8      | Reached skill level 10 in Maces & Flails
  6869 | D:8      | Reached XP level 10. HP: 80/96 MP: 7/9
  6905 | D:8      | Noticed Pikel
  6913 | D:8      | Killed Pikel
  6914 | D:8      | Reached skill level 11 in Maces & Flails
  6914 | D:8      | Reached skill level 5 in Shields
  7050 | D:8      | Found a flagged portal.
  7057 | Bailey   | Entered a bailey
  7249 | Bailey   | Noticed an orc knight
  7257 | Bailey   | Reached skill level 12 in Maces & Flails
  7394 | Bailey   | Identified the +4 helmet of Eternal Vigilance {rC+}
  7818 | D:8      | Found a glowing golden altar of the Shining One.
  7821 | D:8      | Found a sparkling altar of Nemelex Xobeh.
  7821 | D:8      | Found a burning altar of Makhleb.
  7823 | D:8      | Found an iron altar of Okawaru.
  7823 | D:8      | Found a shimmering altar of Xom.
  7823 | D:8      | Found a stormy altar of Qazlal.
  7991 | D:9      | Reached ***** piety under Trog
  8429 | D:9      | Noticed a two-headed ogre
  8437 | D:9      | Killed a two-headed ogre
  8438 | D:9      | Reached skill level 5 in Throwing
  8734 | D:10     | Entered Level 10 of the Dungeon
  9391 | D:10     | Reached XP level 11. HP: 105/105 MP: 8/10
 10161 | D:11     | Noticed Maurice
 10175 | D:11     | Killed Maurice
 10176 | D:11     | Reached skill level 1 in Armour
 10275 | D:11     | Reached skill level 13 in Maces & Flails
 10295 | D:11     | Found a staircase to the Lair.
 10354 | D:11     | Noticed a deep elf pyromancer
 10402 | D:11     | Killed a deep elf pyromancer
 10552 | D:11     | Noticed a seven-headed hydra
 10565 | D:11     | Killed a seven-headed hydra
 10843 | D:11     | Noticed a two-headed ogre
 10850 | D:11     | Killed a two-headed ogre
 11410 | D:11     | Found a staircase to the Orcish Mines.
 11440 | D:11     | Reached ****** piety under Trog
 11549 | Orc:1    | Entered Level 1 of the Orcish Mines
 11670 | Lair:1   | Entered Level 1 of the Lair of Beasts
 11788 | Lair:1   | Reached XP level 12. HP: 118/118 MP: 7/11
 11859 | Lair:1   | Noticed a seven-headed hydra
 11868 | Lair:1   | Killed a seven-headed hydra
 12024 | Lair:1   | Identified the +6 eveningstar "Hegyt" {vorpal, rPois} (Trog
                  | gifted it to you on level 1 of the Lair of Beasts)
 12024 | Lair:1   | Received a gift from Trog
 12261 | Lair:1   | You fall into a shaft and drop 1 floor!
 12538 | Lair:2   | Noticed a four-headed hydra
 12546 | Lair:2   | Killed a four-headed hydra
 12688 | Lair:2   | Found a hole to the Spider Nest.
 12728 | Lair:2   | Reached skill level 5 in Armour
 12944 | Lair:2   | Noticed a six-headed hydra
 12951 | Lair:2   | Killed a six-headed hydra
 13406 | Lair:3   | Reached skill level 1 in Evocations
 13460 | Lair:3   | Reached skill level 14 in Maces & Flails
 14091 | Lair:4   | Reached XP level 13. HP: 127/127 MP: 12/12
 14134 | Lair:4   | Found a staircase to the Shoals.
 15033 | Lair:5   | Found a staircase to the Slime Pits.
 15256 | Lair:5   | Received a gift from Trog
 15618 | Lair:6   | Entered Level 6 of the Lair of Beasts
 15905 | Lair:6   | Reached skill level 5 in Evocations
 16006 | Lair:6   | Noticed Kirke
 16039 | Lair:6   | Killed Kirke
 16237 | Lair:6   | Reached XP level 14. HP: 136/136 MP: 13/13
 16445 | Lair:6   | Received a gift from Trog
 16447 | Lair:6   | Found a burning altar of Makhleb.
 16525 | Lair:6   | Found a gateway to Hell.
 18748 | D:13     | Received a gift from Trog
 18754 | D:13     | Reached skill level 10 in Armour
 19765 | D:14     | Reached XP level 15. HP: 145/145 MP: 14/14
 19896 | D:14     | Found a sparkling altar of Nemelex Xobeh.
 19981 | D:14     | Found an opulent altar of Gozag.
 20302 | D:14     | Found a runed translucent gate.
 20303 | D:14     | Found a runed translucent gate.
 20303 | D:14     | Found a runed translucent gate.
 20303 | D:14     | Noticed MisterFreud's ghost (journeyman TrBe)
 20451 | D:14     | Found a gate to the Vaults.
 20701 | D:14     | Killed MisterFreud's ghost
 20762 | D:14     | Identified the amulet of the Endless Expanse {Spirit rF+
                  | rN+ Str+3}
 20801 | D:15     | Entered Level 15 of the Dungeon
 20903 | D:15     | Found a staircase to the Depths.
 21003 | D:15     | Reached skill level 10 in Throwing
 21102 | D:15     | Noticed Roxanne
 21125 | D:15     | Killed Roxanne
 21126 | D:15     | Reached skill level 10 in Fighting
 21503 | D:15     | Received a gift from Trog
 22084 | Orc:1    | Noticed Snorg
 22090 | Orc:1    | Killed Snorg
 22154 | Orc:2    | Entered Level 2 of the Orcish Mines
 22189 | Orc:2    | Found a staircase to the Elven Halls.
 22216 | Orc:2    | Found Hacasaf's General Store.
 22242 | Orc:2    | Bought a scroll of teleportation for 30 gold pieces
 22666 | Orc:2    | Noticed an orc warlord
 22679 | Orc:2    | Killed an orc warlord
 22699 | Orc:2    | Identified the +12 morningstar "Xycobij" {antimagic, rElec}
                  | (Trog gifted it to you on level 2 of the Orcish Mines)
 22699 | Orc:2    | Received a gift from Trog
 22789 | Orc:2    | Paralysed by an orc sorcerer for 3 turns
 22851 | Orc:2    | Found Kykloek's Book Emporium.
 22872 | Orc:2    | Found Piavu's Distillery.
 22890 | Orc:2    | Bought a potion of flight for 39 gold pieces
 22890 | Orc:2    | Bought a potion of heal wounds for 65 gold pieces
 22890 | Orc:2    | Bought a potion of heal wounds for 65 gold pieces
 22890 | Orc:2    | Bought a potion of heal wounds for 65 gold pieces
 22890 | Orc:2    | Bought a potion of haste for 130 gold pieces
 22903 | Orc:2    | Found an ancient bone altar of Kikubaaqudgha.
 22942 | Orc:2    | Noticed Erolcha
 22958 | Orc:2    | Killed Erolcha
 22961 | Orc:2    | Found a radiant altar of Vehumet.
 23091 | Orc:2    | Found Loreje's Antique Armour Emporium.
 23121 | Orc:2    | Found Vekh's Antique Weapon Emporium.
 23126 | Orc:2    | Bought a tower shield for 94 gold pieces
 23631 | Spider:1 | Entered Level 1 of the Spider Nest
 23632 | Spider:1 | Noticed Azrael
 23690 | Lair:2   | Killed Azrael
 23690 | Lair:2   | Received a gift from Trog
 23815 | Spider:1 | Reached XP level 16. HP: 162/162 MP: 15/15
 23937 | Spider:1 | Noticed Louise
 23966 | Spider:1 | Killed Louise
 24033 | Spider:1 | Reached XP level 17. HP: 148/170 MP: 16/16
 24363 | Spider:1 | Reached skill level 10 in Shields
 24624 | Spider:2 | HP: 8/172 [something (3)]
 24646 | Spider:2 | Received a gift from Trog
 24701 | Spider:2 | HP: 1/172 [tarantella (9)]
 24701 | Spider:2 | Mangled by a wolf spider

Illustrated notes

Levels and vault maps discovered:
D:1:      dpeg_arrival_lava_altar, layout_basic,
          shapermc_ecumenical_altar_flowoftime, serial_shops, shop_fountains,
          serial_co_window_serial, co_window_corner_a, co_window_paths_a,
          co_window_paths_a, co_window_of_opportunity_a, co_window_paths_b,
          co_window_corner_a, co_window_corner_a, co_window_corner_a,
          co_window_corner_a, co_window_broadway_b, co_window_paths_c,
          co_window_broadway_c, co_window_4corner_a, co_window_paths_e,
          glass_columns_a
D:2:      layout_basic, serial_co_window_serial, co_window_paths_a,
          co_window_corner_a, co_window_corner_a, co_window_of_opportunity_a,
          co_window_paths_a, co_window_paths_a, co_window_corner_a,
          co_window_paths_c, co_window_2corner, co_window_paths_c,
          co_window_2corner, co_window_broadway_c, co_window_paths_d,
          glass_columns_b, glass_columns_a, glass_columns_a, glass_columns_a
D:3:      layout_loops_cross, mainiacjoe_overflow_cross_hatched,
          minmay_pentangle
D:4:      layout_cave_pods, chequers_temple_overflow_statue_of_worship,
          hangedman_decor_points, kennysheep_small_circle, uniq_blork_the_orc,
          uniq_menkaure, uniq_eustachio, uniq_robin
D:5:      due_chaos_kobolds, layout_gridville, minmay_temple_entry_poolview,
          nicolae_shop_firing_range
D:6:      layout_gridville, kiku_gazebo_pond_becter
D:7:      kennysheep_steamy, layout_basic, nicolae_tso_besieged_by_evil
D:8:      layout_loops_ring, mainiacjoe_overflow_chevrons, doesnt_xom_only_xom,
          enter_bailey_4, uniq_pikel
D:9:      layout_gridville
D:10:     minmay_flawed_box, layout_layer_cave
D:11:     layout_basic, erik_lair_island, david_orc_1_choice, st_stairs_1,
          uniq_maurice
D:12:     layout_basic
D:13:     layout_loops_ring
D:14:     layout_long_grid, david_vaults_5, gammafunk_ghost_necromancy,
          nemelex_spade_bored_becter, nicolae_gozag_seed_capital
D:15:     gammafunk_depths_entry_grave, layout_long_grid, uniq_roxanne
Lair:1:   layout_gridlike, lemuel_fruit_tree
Lair:2:   layout_layer_cave, dummy_spider_entry
Lair:3:   layout_gridlike, serial_bayou_shore_a
Lair:4:   layout_cave_shapes, minmay_shoals_entry_centaurs
Lair:5:   layout_long_grid, slime_dummy, grunt_forest_small_clearings
Lair:6:   evil_forest, layout_hall_layers, uniq_kirke
Spider:1: layout_spider_delve, nicolae_spider_webs_and_nodes, uniq_azrael,
          uniq_louise
Spider:2: layout_spider_delve
Orc:1:    layout_caves, nicolae_orc_damp_corner, abandoned_shop, sword_in_stone,
          uniq_snorg
Orc:2:    kennysheep_orc_mage_school, layout_diamond_mine, serial_shops, shop

Skill      XL: |  1  2  3  4  5  6  7  8  9 10 11 12 13 14 15 16 17 |
---------------+----------------------------------------------------+-----
Maces & Flails | 3 4 5 6 7 8 10 12 13 14 | 14.0
Fighting       | 3 4 5 7 8 11 | 11.9
Dodging        | 3 4 5 |  5.0
Throwing       | 1 3 4 5 6 8 9 11 12 | 12.0
Shields        | 2 4 5 7 8 9 10 | 10.3
Armour         | 3 5 8 10 | 10.0
Evocations     | 1 5 8 |  8.0

Action                   |  1- 3 |  4- 6 |  7- 9 | 10-12 | 13-15 | 16-18 || total
-------------------------+-------+-------+-------+-------+-------+-------++-------
Melee: Mace              |   136 |   162 |   198 |   489 |       |       ||   985
       Eveningstar       |       |       |       |   155 |  1152 |   164 ||  1471
Throw: Large rock        |       |       |     1 |       |       |       ||     1
Invok: Berserk           |       |     4 |     5 |     4 |     7 |     1 ||    21
       Trog's Hand       |       |       |     2 |     1 |     7 |     3 ||    13
Evoke: Wand              |       |       |       |     8 |     3 |     7 ||    18
  Use: Scroll            |       |       |    14 |     9 |     5 |     2 ||    30
       Potion            |       |       |     1 |       |     1 |     2 ||     4
 Stab: Sleeping          |     1 |       |       |       |       |       ||     1
       Distracted        |       |       |     2 |     1 |       |       ||     3
       Petrified         |       |       |       |       |     2 |       ||     2
       Petrifying        |       |       |       |       |     1 |       ||     1
Armor: Animal skin       |    43 |    27 |    36 |       |       |       ||   106
       Steam dragon scal |       |       |    15 |    74 |       |       ||    89
       Acid dragon scale |       |       |       |   117 |   601 |   185 ||   903
Dodge: Dodged            |    91 |   119 |   189 |   223 |   538 |    91 ||  1251
Block: Kite shield       |       |       |    81 |   383 |   774 |       ||  1238
       Tower shield      |       |       |       |       |    98 |   207 ||   305
